 Dungeon Crawl Stone Soup version 0.27.1-33-g824d729ab1 (webtiles) character file.

Game seed: 9389580504798585119

125 zeram the Covert (level 5, -2/34 HPs)
             Began as an Octopode Brigand on Dec 30, 2021.
             Slain by an ogre (21 damage)
             ... on level 4 of the Dungeon.
             The game lasted 00:03:19 (2666 turns).

zeram the Covert (Octopode Brigand)                 Turns: 2666, Time: 00:03:19

Health: -2/34      AC:  1    Str: 10    XL:     5   Next: 9%
Magic:  5/5        EV: 12    Int: 15    God:
Gold:   154        SH:  3    Dex: 13    Spells: 4/4 levels left

rFire    + . .     SeeInvis .   a - +2 dagger (vamp)
rCold    . . .     Faith    .   n - +0 buckler
rNeg     . . .     Spirit   .   (helmet restricted)
rPois    .         Reflect  .   (no amulet)
rElec    .         Harm     .   f - ring of protection from fire
rCorr    .         Rampage  .   (no ring)
Will     .....                  (no ring)
Stlth    +++++.....             (no ring)
HPRegen  0.11/turn              (no ring)
MPRegen  0.09/turn              (no ring)
                                (no ring)
                                (no ring)

@: no status effects
A: almost no armour, amphibious, 8 rings, camouflage 1, gelatinous body 1,
(nimble swimmer 1), tentacles
a: no special abilities


You were on level 4 of the Dungeon.
You visited 1 branch of the dungeon, and saw 4 of its levels.

You collected 154 gold pieces.

Inventory:

Hand Weapons
 a - a +2 vampiric dagger (weapon)
Missiles
 b - 29 poisoned darts (quivered)
 c - 2 curare-tipped darts
 r - 2 atropa-tipped darts
Armour
 n - a +0 buckler (worn)
Jewellery
 f - a ring of protection from fire (left tentacle)
 o - a ring of fire
Scrolls
 g - 2 scrolls of brand weapon
 j - a scroll of fear {unknown}
 k - a scroll of noise {unknown}
 m - 2 scrolls of vulnerability {unknown}
Potions
 d - a potion of flight {unknown}
 e - a potion of attraction
 h - a potion of degeneration
 i - 2 potions of magic
 l - a potion of brilliance {unknown}
 q - a potion of haste {unknown}
 s - 2 potions of heal wounds {unknown}
 t - a potion of ambrosia {unknown}


   Skills:
 - Level 2.0 Fighting
 - Level 2.0 Short Blades
 - Level 2.0 Throwing
 - Level 1.0 Dodging
 + Level 8.6 Stealth
 + Level 0.4 Shields


You had 4 spell levels left.
You didn't know any spells.
Your spell library contained the following spells:

 Spells                   Type           Power      Damage    Failure   Level
 Frozen Ramparts          Ice            0%         1d2       77%         3
 Ice Form                 Ice/Tmut       0%         N/A       99%         4
 Summon Ice Beast         Ice/Summ       0%         N/A       99%         4


Dungeon Overview and Level Annotations

Branches:
Dungeon (4/15)
 Temple: D:4-7

Altars:
Kikubaaqudgha


Innate Abilities, Weirdness & Mutations

You cannot wear most types of armour.
You are amphibious.
You can wear up to eight rings at the same time.
Your skin changes colour to match your surroundings (Stealth+).
Your rubbery body absorbs attacks. (AC +1, EV +1)
((You are camouflaged near water. (Stealth+)))
You have tentacles for arms and can constrict up to eight enemies at once.


Message History

Found 5 gold pieces.
A jelly comes into view.
A jelly is nearby!
A jelly is nearby!
A jelly is nearby!
You see here a +0 pair of boots.
The helpless jelly fails to defend itself.
You spit the jelly like a pig!!!
You kill the jelly!
You have reached level 5!
You feel clever.
You now have 154 gold pieces (gained 5).
A goblin comes into view. It is wielding a +0 club.
A goblin is nearby!
A goblin is nearby!
A goblin is nearby!
A goblin is nearby!
A hobgoblin and an ogre come into view.
The helpless goblin fails to defend itself.
You impale the goblin!!
You kill the goblin!
Found a sedimented cyan potion.
The helpless hobgoblin fails to defend itself.
You perforate the hobgoblin like a sieve!!!
You kill the hobgoblin!
The ogre hits you with a +0 giant spiked club!
You see here a hobgoblin corpse.
You hit the ogre but do no damage.
The ogre hits you with a +0 giant spiked club!!
Ouch! That really hurt!
* * * LOW HITPOINT WARNING * * *
You are too injured to fight recklessly!
Okay, then.
You feel better. The ogre misses you.
Okay, then.
You see here 12 arrows.
There is an open door here.
The ogre hits you with a +0 giant spiked club!!
Ouch! That really hurt!
You die...

#....[....................#
#.......###.##.#.########.#
###...### #.#....# ##.# #...#
#......# #..# ##.## #......#
#.## #.# ####.### #.# ####.####
#.# #.# ###.......# #.# #.#
...)...##.# ##@## #.# ###.##.# #
##..O## #.# #....# ##.....## #.#
#†##.# ##.......## ##.## #.#...#
#.........####...#### ......!.
+.........'..(.<......
##.......##.........####...#####
#.##. ###.......## ##.## #.# ##
##.....## .#.#


You could see an ogre.

Vanquished Creatures
  A jelly (D:4)
  3 adders
  A worm (D:3)
  2 dart slugs (D:1)
  An orc (D:3)
  6 bats
  2 endoplasms
  3 giant cockroaches
  7 hobgoblins
  4 jackals (D:3)
  3 kobolds
  2 quokkas (D:3)
  4 ball pythons
  5 frilled lizards
  8 goblins
  4 rats
56 creatures vanquished.

Notes
Turn   | Place    | Note
-------+----------+-------------------------------------------
     0 | D:1      | zeram the Octopode Brigand began the quest for the Orb.
     0 | D:1      | Reached XP level 1. HP: 14/14 MP: 1/1
   130 | D:1      | Found a faded altar of an unknown god.
   301 | D:1      | Reached XP level 2. HP: 19/19 MP: 2/2
   307 | D:1      | Reached skill level 6 in Stealth
   880 | D:2      | Reached XP level 3. HP: 24/24 MP: 3/3
   905 | D:2      | Reached skill level 7 in Stealth
  1112 | D:2      | Found an ancient bone altar of Kikubaaqudgha.
  1366 | D:3      | Reached XP level 4. HP: 23/29 MP: 4/4
  2036 | D:3      | Reached skill level 8 in Stealth
  2591 | D:4      | Reached XP level 5. HP: 34/34 MP: 5/5
  2608 | D:4      | Noticed an ogre
  2666 | D:4      | Slain by an ogre

Illustrated notes

Levels and vault maps discovered:
D:1:      ncdulo_watergridlock, layout_loops_ring, ebering_ecumenical_altar_hall
D:2:      layout_basic, basic_altar
D:3:      layout_basic, serial_curves, eino_curves_01, eino_curves_03,
          eino_curves_02
D:4:      layout_loops_corners, nemelex_diamond_rough_becter, uniq_pikel

Skill      XL: |  1  2  3  4 |
---------------+-------------+-----
Stealth        | 6 7 8 |  8.6
Fighting       | |  2.0
Short Blades   | |  2.0
Throwing       | |  2.0
Dodging        | |  1.0
Shields        | |  0.4

Action                   |  1- 3 |  4- 6 || total
-------------------------+-------+-------++-------
Melee: Dagger            |    65 |    39 ||   104
       Constrict         |    15 |     8 ||    23
       Tentacles         |     8 |     6 ||    14
  Use: Scroll            |     2 |     2 ||     4
       Potion            |       |     2 ||     2
 Stab: Sleeping          |    18 |     8 ||    26
Armor: Skin              |     6 |     2 ||     8
Dodge: Dodged            |    20 |    36 ||    56
Block: Buckler           |     5 |     9 ||    14
